 Dungeon Crawl Stone Soup version 0.27-a0-984-g00e00afbbc (webtiles) character file.

Game seed: 2246114397099725553

308 Morbidden the Covered (level 5, -11/46 HPs)
             Began as a Demigod Fighter on Apr 15, 2021.
             Killed by divine providence
             ... invoked by an orc priest
              (16 damage)
             ... on level 4 of the Dungeon.
             The game lasted 00:02:43 (3395 turns).

Morbidden the Covered (Demigod Fighter)             Turns: 3395, Time: 00:02:43

Health: -11/46     AC:  9    Str: 21    XL:     5   Next: 94%
Magic:  7/7        EV:  8    Int: 10    God:
Gold:   100        SH:  0    Dex: 13    Spells: 4/4 levels left

rFire    . . .     SeeInvis .   a - +0 long sword
rCold    . . .     Faith    .   c - +0 kite shield
rNeg     . . .     Spirit   .   b - +0 scale mail
rPois    .         Reflect  .   f - +1 hat
rElec    .         Harm     .   (no cloak)
rCorr    .         Rampage  .   (no gloves)
Will     .....                  j - +0 pair of boots
Stlth    ..........             (no amulet)
HPRegen  0.15/turn              (no ring)
MPRegen  0.10/turn              (no ring)

@: confused, ambrosia-drunk
A: high mp 1, forlorn
a: no special abilities


You were on level 4 of the Dungeon.
You visited 1 branch of the dungeon, and saw 4 of its levels.

You collected 100 gold pieces.

Inventory:

Hand Weapons
 a - a +0 long sword (weapon)
Armour
 b - a +0 scale mail (worn)
 c - a +0 kite shield (worn)
 f - a +1 hat (worn)
 j - a +0 pair of boots (worn)
Jewellery
 n - a ring of fire
Scrolls
 g - 4 scrolls of identify {unknown}
 h - a scroll of enchant weapon {unknown}
Potions
 d - a potion of might
 e - a potion of ambrosia
 i - a potion of curing
 k - a potion of haste {unknown}
 l - a potion of magic {unknown}
 m - a potion of mutation {unknown}


   Skills:
 * Level 3.7 Fighting
 + Level 3.1 Long Blades
 + Level 3.9 Armour
 * Level 1.6 Dodging
 + Level 0.3 Stealth
 + Level 3.6 Shields


You had 4 spell levels left.
You didn't know any spells.
Your spell library was empty.

Dungeon Overview and Level Annotations

Branches:
Dungeon (4/15)
 Temple: D:4-7


Innate Abilities, Weirdness & Mutations

Your attributes grow dramatically as you level up.
You have an increased reservoir of magic. (+10% MP)
You shall have no god before yourself.


Message History

Beogh smites you!
You closely miss the orc priest.
The orc priest hits you with a +0 short sword.
The orc priest calls down the wrath of Beogh upon you.
Beogh smites you!
* * * LOW HITPOINT WARNING * * *
You are too injured to fight recklessly!
You are too injured to fight recklessly!
You are too injured to fight recklessly!
You are too injured to fight recklessly!
You are too injured to fight recklessly!
You are too injured to fight recklessly!
You are too injured to fight recklessly!
You are too injured to fight recklessly!
You are too injured to fight recklessly!
You are too injured to fight recklessly!
You are too injured to fight recklessly!
You are too injured to fight recklessly!
You are too injured to fight recklessly!
You are too injured to fight recklessly!
You are too injured to fight recklessly!
You are too injured to fight recklessly!
You are too injured to fight recklessly!
Unknown command.
Unknown command.
You closely miss the orc priest. You block the orc priest's attack.
You barely miss the orc priest.
The orc priest invokes the aid of Beogh against you.
You struggle to resist.
You block the orc priest's attack.
You barely miss the orc priest.
The orc priest invokes the aid of Beogh against you.
Beogh smites you!
* * * LOW HITPOINT WARNING * * *
Unknown command.
It was a potion of ambrosia.
You are confused.
You feel invigorated.
The orc priest mumbles some strange prayers to Beogh against you.
Beogh smites you!
You die...

##.#. ...... #....#
#..†. ..... #....# #....
.... #....# #.... ...
#....# #.... ..###....#
#.... #...#....# #....
... #.o.#....#######.##
.... #.@.#............##
.....#...#[...######....
.....'...'..#.# #....
.....#...####.######....
.....+....)..........>..
.... #....#.#.######)...
...............# ##)##
....#####.#.#...# #)# ..
#.#<#.#.# #)#


You could see an orc priest.

Vanquished Creatures
  A necrophage (D:4)
  Natasha (thrice) (D:3)
  An orc wizard (D:4)
  2 hound skeletons (D:4)
  2 adders
  2 worms
  9 orcs
  2 endoplasms
  A giant cockroach (D:1)
  6 goblins
  2 hobgoblins
  4 jackals (D:3)
  3 quokkas
  11 ball pythons
  5 bats
  3 frilled lizards
  6 kobolds
  A rat (D:3)
64 creatures vanquished.

Notes
Turn   | Place    | Note
-------+----------+-------------------------------------------
     0 | D:1      | Morbidden the Demigod Fighter began the quest for the Orb.
     0 | D:1      | Reached XP level 1. HP: 18/18 MP: 3/3
   329 | D:1      | Reached XP level 2. HP: 23/25 MP: 4/4
  1232 | D:2      | You fall into a shaft and drop 1 floor!
  1339 | D:3      | Reached XP level 3. HP: 14/30 MP: 5/5
  1696 | D:3      | Noticed Natasha
  1712 | D:3      | Killed Natasha
  1918 | D:3      | Reached XP level 4. HP: 38/38 MP: 6/6
  1984 | D:3      | Noticed Natasha
  1989 | D:3      | Killed Natasha
  2000 | D:3      | Reached skill level 1 in Dodging
  2106 | D:3      | Noticed Natasha
  2113 | D:3      | Killed Natasha
  3133 | D:4      | Reached XP level 5. HP: 45/45 MP: 7/7
  3133 | D:4      | Noticed a necrophage
  3150 | D:4      | Killed a necrophage
  3394 | D:4      | HP: 1/46 [orc priest/divine providence (13)]
  3395 | D:4      | Killed from afar by an orc priest

Illustrated notes

Levels and vault maps discovered:
D:1:      dpeg_arrival_arbitrary_b, layout_loops_ring, hangedman_glass_teeth,
          minmay_pentomino_v4
D:2:      layout_rooms, shapermc_ecumenical_altar_mp_highgroup
D:3:      layout_basic, uniq_natasha
D:4:      layout_basic, serial_shops, shop, abandoned_shop

Skill      XL: |  1  2  3  4  5 |
---------------+----------------+-----
Shields        | 3 |  3.6
Long Blades    | 2 3 |  3.1
Armour         | 3 |  3.9
Fighting       | 3 |  3.7
Dodging        | 1 |  1.6
Stealth        | |  0.3

Action                   |  1- 3 |  4- 6 || total
-------------------------+-------+-------++-------
Melee: Long sword        |   114 |   110 ||   224
  Use: Potion            |       |     1 ||     1
Armor: Scale mail        |    62 |    48 ||   110
Dodge: Dodged            |    43 |    32 ||    75
Block: Kite shield       |    75 |    61 ||   136
       Rpst.: Long sword |    15 |     8 ||    23

Table legend: (Time is in decaauts)
 A = Elapsed time spent in this place.
 B = Non-inter-level travel time spent in this place.
 C = Inter-level travel time spent in this place.
 D = Time resting spent in this place.
 E = Time spent auto-exploring this place.
 F = Levels seen in this place.
 G = Mean time per level.
                   A        B        C        D        E       F      G
               +--------+--------+--------+--------+--------+-----+--------+
         Total |   3520 |   3410 |    110 |    137 |   2664 |   4 |  880.0 |
       Dungeon |   3520 |   3410 |    110 |    137 |   2664 |   4 |  880.0 |
               +--------+--------+--------+--------+--------+-----+--------+

Top non-repeatable levels by time:
     D:3: 1410 daAuts
     D:1: 1237 daAuts
     D:2: 563 daAuts
     D:4: 308 daAuts
